 Dungeon Crawl Stone Soup version 0.30.1-10-g1249ef9ec4 (webtiles) character file.

Game seed: 17413850343878649789

3529 lonewolfV2 the Nimble (level 9, -3/62 (64) HPs)
             Began as a Demonspawn Fighter on Oct 27, 2023.
             Was a Believer of Uskayaw.
             Killed from afar by an electric eel (11 damage)
             ... with a bolt of electricity
             ... on level 8 of the Dungeon.
             The game lasted 00:12:01 (8748 turns).

lonewolfV2 the Nimble (Demonspawn Fighter)          Turns: 8748, Time: 00:12:01

HP:   -3/62 (64)    AC: 14    Str: 21    XL:     9   Next: 82%
MP:   9/9           EV: 11    Int: 12    God:    Uskayaw [**....]
Gold: 540           SH:  5    Dex: 12    Spells: 8/8 levels left

rFire   + . .        p - +11 whip of Obsession {freeze, Int+2}
rCold   . . .        c - +1 buckler
rNeg    . . .        h - +0 chain mail
rPois   .            (no helmet)
rElec   .            (no cloak)
rCorr   .            (no gloves)
SInv    +            (no boots)
Will    .....        (no amulet) Stlth
                     j - ring of see invisible
HPRegen 1.30/turn    g - ring of protection from fire
MPRegen 0.11/turn

%: no passive effects
@: lethally poisoned (-3 -> -13), slowed, lightly drained, very slow
A: yellow scales 2, demonic guardian 1, powered by death 2
a: Renounce Religion, Stomp, Line Pass


You were on level 8 of the Dungeon.
You worshipped Uskayaw.
Uskayaw was noncommittal.
You visited 2 branches of the dungeon, and saw 9 of its levels.

You collected 540 gold pieces.

Inventory:

Hand Weapons
 a - a +0 war axe
 p - the +11 whip of Obsession (weapon) {freeze, Int+2}
   (You found it on level 4 of the Dungeon)

   Int:       It affects your intelligence (+2).
 y - the +7 mace "Zuassile" {flame, rF+}
   (You found it on level 8 of the Dungeon)

   rF:        It protects you from fire.
Armour
 c - a +1 buckler (worn)
 h - a +0 chain mail (worn)
Jewellery
 g - a ring of protection from fire (right hand)
 j - a ring of see invisible (left hand)
 r - a ring of poison resistance
 t - a ring of magical power
Wands
 q - a wand of polymorph (13)
 x - a wand of flame (4)
 z - a wand of digging (4)
Scrolls
 e - 4 scrolls of teleportation
 m - 3 scrolls of magic mapping
 n - 4 scrolls of fear
 v - a scroll of identify
 w - a scroll of enchant weapon {unknown}
Potions
 b - 3 potions of haste
 d - a potion of might
 f - 2 potions of heal wounds
 i - 2 potions of attraction
 k - 2 potions of lignification
 l - 2 potions of invisibility
 o - a potion of brilliance
 s - a potion of flight {unknown}
 u - a potion of curing


   Skills:
 + Level 3.6 Fighting
 - Level 1.7(2.3) Axes
 * Level 2.3(2.6) Maces & Flails
 - Level 9.0 Armour
 - Level 9.0 Dodging
 - Level 2.6 Shields
 + Level 1.6 Evocations


You had 8 spell levels left.
You didn't know any spells.
Your spell library contained the following spells:

 Spells                   Type           Power      Damage    Failure   Level
 Apportation              Tloc           0%         N/A       92%         1
 Beastly Appendage        Tmut           0%         N/A       92%         1
 Necrotise                Necr           0%         1d4       92%         1
 Summon Small Mammal      Summ           0%         N/A       92%         1
 Wereblood                Tmut           0%         N/A       98%         2
 Spider Form              Tmut/Pois      0%         N/A       100%        3


Dungeon Overview and Level Annotations

Branches:
Dungeon (8/15)             Temple (1/1) D:7
   Lair: D:8-11

Altars:
Ashenzari
Cheibriados
Dithmenos
Hepliaklqana
Kikubaaqudgha
Makhleb
Nemelex Xobeh
Okawaru
Qazlal
Ru
Sif Muna
Trog
Uskayaw
Vehumet
Wu Jian
Xom
Yredelemnul

Shops:
D:6 [


Innate Abilities, Weirdness & Mutations

You are mostly covered in yellow scales. (AC +3)
A weak demonic guardian rushes to your aid.
You regenerate health from kills.


Message History

You block the water moccasin's attack.
You hit the water moccasin. You freeze the water moccasin.
The water moccasin is lightly wounded.
You feel very sick. The water moccasin bites you.
You are more poisoned.
The water moccasin poisons you!
The kobold throws a stone.
The stone hits you but does no damage.
The kobold brigand throws a curare-tipped dart.
The curare-tipped dart hits you.
You are more poisoned.
You have difficulty breathing.
You feel yourself slow down. The water moccasin bites you.
You are more poisoned.
The water moccasin poisons you!
You can now pass through a line of other dancers.
You whack the water moccasin! You freeze the water moccasin.
The water moccasin is severely wounded.
You feel extremely sick.
The water moccasin bites you but does no damage.
An electric eel comes into view.
The kobold brigand throws a curare-tipped dart.
The curare-tipped dart barely misses you.
The water moccasin bites you but does no damage.
The electric eel shoots out a bolt of lightning at you!
The bolt of electricity hits the kobold!
The kobold dies!
The bolt of electricity hits you.
* * * LOW HITPOINT WARNING * * *
You whack the water moccasin! You freeze the water moccasin.
You kill the water moccasin!
* * * LOW HITPOINT WARNING * * *
You feel extremely sick.
The electric eel shoots out a bolt of lightning at you!
The bolt of electricity hits the kobold!
The kobold dies!
The bolt of electricity hits your iron imp.
Your iron imp resists.
The bolt of electricity hits you!
You die...

~~ ######.~S
#####....)...
#.....5..KK..
#.# #@# #.# #)#
. ###.###)## #.~
....##...##$..~
#........>..~.
##.##...#.#.P~
#######.###.##.#
P ............#
# #######.#####


You could see a kobold brigand, an electric eel (ally target), a kobold and a
friendly iron imp (summoned).

Vanquished Creatures
  The ghost of turdburglar the Grave Robber, an amateur DsNe (D:4)
  Sigmund (D:2)
  Menkaure (D:4)
  3 water moccasins
  A sky beast (D:7)
  2 orc warriors
  A centaur (D:8)
  An ice beast (D:5)
  3 ogres
  3 phantoms (D:6)
  2 kobold brigands
  2 bullfrogs
  A gnoll sergeant (D:6)
  3 scorpions
  3 wights (D:8)
  A howler monkey (D:4)
  Crazy Yiuf (D:6)
  3 hounds
  2 jellies
  4 orc priests
  Jessica (D:2)
  4 iguanas
  5 orc wizards
  A sleepcap (D:7)
  Ijyb (D:5)
  Natasha (D:3)
  A scorpion zombie (D:3)
  2 hound skeletons (D:3)
  Robin (D:2)
  11 adders
  8 gnolls
  A white imp (D:7)
  6 adder zombies (D:3)
  An adder skeleton (D:3)
  2 worms (D:2)
  2 dart slugs
  30 orcs
  6 ball pythons
  12 endoplasms
  3 giant cockroaches
  12 goblins
  4 hobgoblins
  4 jackals (D:3)
  3 quokkas
  6 bats
  4 frilled lizards
  17 kobolds
  3 rats
  2 butterflies (D:5)
193 creatures vanquished.

Vanquished Creatures (collateral kills)
  2 ogres (D:4)
  An orc priest (D:6)
  An adder (D:3)
  3 orcs
  A goblin (D:2)
  A kobold (D:4)
9 creatures vanquished.

Vanquished Creatures (others)
  2 kobolds (D:8)
2 creatures vanquished.

Grand Total: 204 creatures vanquished

Notes
Turn   | Place    | Note
-------+----------+-------------------------------------------
     0 | D:1      | lonewolfV2 the Demonspawn Fighter began the quest for the
                  | Orb.
     0 | D:1      | Reached XP level 1. HP: 18/18 MP: 1/1
   172 | D:1      | Reached skill level 1 in Dodging
   177 | D:1      | Gained mutation: You regenerate a little health from kills.
                  | [demonic ancestry]
   177 | D:1      | Reached XP level 2. HP: 17/24 MP: 2/2
   593 | D:2      | Found a faded altar of an unknown god.
   747 | D:2      | Gained mutation: A weak demonic guardian rushes to your
                  | aid. [demonic ancestry]
   747 | D:2      | Reached XP level 3. HP: 15/29 MP: 3/3
  1014 | D:2      | Noticed Sigmund
  1035 | D:2      | Killed Sigmund
  1036 | D:2      | Reached XP level 4. HP: 27/35 MP: 4/4
  1036 | D:2      | Reached XP level 5. HP: 31/41 MP: 5/5
  1539 | D:2      | Noticed Robin
  1551 | D:2      | Killed Robin
  1941 | D:2      | Noticed Jessica
  1947 | D:2      | Killed Jessica
  1948 | D:2      | Gained mutation: You regenerate health from kills. [demonic
                  | ancestry]
  1948 | D:2      | Reached XP level 6. HP: 47/47 MP: 6/6
  2170 | D:3      | You fall into a shaft and drop 1 floor!
  2294 | D:4      | Found Usuyxoup's Jewellery Shop.
  3275 | D:3      | Reached skill level 5 in Dodging
  3311 | D:3      | Noticed Natasha
  3318 | D:3      | Killed Natasha
  3319 | D:3      | Reached skill level 5 in Armour
  3319 | D:3      | Gained mutation: You are partially covered in yellow
                  | scales. (AC +2) [demonic ancestry]
  3319 | D:3      | Reached XP level 7. HP: 49/52 MP: 7/7
  3657 | D:4      | Noticed Menkaure
  3673 | D:4      | Killed Menkaure
  4426 | D:4      | Identified the +11 whip of Obsession {freeze, Int+2}
  4455 | D:4      | Found a radiant altar of Vehumet.
  4516 | D:4      | Found a runed translucent gate.
  4520 | D:4      | Found a runed translucent gate.
  4520 | D:4      | Noticed turdburglar's ghost (amateur DsNe)
  4521 | D:4      | Found a runed translucent gate.
  4745 | D:4      | Gained mutation: You are mostly covered in yellow scales.
                  | (AC +3) [demonic ancestry]
  4745 | D:4      | Reached XP level 8. HP: 42/58 MP: 8/8
  4756 | D:4      | Killed turdburglar's ghost
  5254 | D:5      | Entered Level 5 of the Dungeon
  5282 | D:5      | Noticed Ijyb
  5302 | D:5      | Killed Ijyb
  5479 | D:5      | Found a shimmering altar of Xom.
  5683 | D:5      | Found a sacrificial altar of Ru.
  6163 | D:6      | Reached XP level 9. HP: 61/63 MP: 9/9
  6782 | D:6      | Found Humez's Armour Shoppe.
  7085 | D:6      | Found an ornate altar of the Wu Jian Council.
  7150 | D:6      | Found a shadowy altar of Dithmenos.
  7207 | D:6      | Found a runed translucent door.
  7208 | D:6      | Noticed Crazy Yiuf
  7355 | D:6      | Killed Crazy Yiuf
  7633 | D:7      | Found a staircase to the Ecumenical Temple.
  7648 | Temple   | Entered the Ecumenical Temple
  7803 | Temple   | Became a worshipper of Uskayaw the Reveller
  7883 | D:7      | Reached * piety under Uskayaw
  7889 | D:7      | Reached ** piety under Uskayaw
  8019 | D:7      | Reached *** piety under Uskayaw
  8021 | D:7      | Reached skill level 1 in Maces & Flails
  8024 | D:7      | Reached **** piety under Uskayaw
  8535 | D:8      | Reached skill level 1 in Evocations
  8543 | D:8      | Identified the +7 mace "Zuassile" {flame, rF+}
  8748 | D:8      | Killed from afar by an electric eel

Illustrated notes

Levels and vault maps discovered:
D:1:      dpeg_arrival_more_subterranean_lakeside_camping, layout_rooms
D:2:      layout_basic, nicolae_ecumenical_pavilion, kennysheep_generic_room_12,
          uniq_robin, uniq_jessica, uniq_sigmund
D:3:      layout_basic, serial_undead, serial_undead_a, serial_undead_f,
          serial_undead_a, serial_undead_e, serial_undead_c, serial_undead_d,
          serial_undead_d, serial_undead_f, minmay_tree_intersection,
          uniq_natasha
D:4:      layout_basic, mainiacjoe_overflow_catwalk, serial_shops,
          shop_fountains, gammafunk_ghost_nasty_kobolds, patterned_corridor,
          uniq_menkaure
D:5:      layout_loops_cross, mainiacjoe_overflow_alcove_4, xom_butterflies,
          uniq_ijyb
D:6:      layout_rooms, nicolae_dithmenos_the_darkroom,
          mainiacjoe_overflow_concentric_impassable, serial_shops,
          nicolae_shop_rolling_square, uniq_crazy_yiuf_cottage
D:7:      layout_loops_ring, minmay_temple_entry_junction_2
D:8:      layout_loops_ring, chequers_big_river, uniq_joseph
Temple:   regret_index_temple_waves

Skill      XL: |  1  2  3  4  5  6  7  8  9 |
---------------+----------------------------+-----
Dodging        | 1 2 3 4 5 6 7 9 |  9.0
Armour         | 3 4 5 6 7 9 |  9.0
Maces & Flails | 2 |  2.3
Evocations     | 1 |  1.6
Fighting       | |  3.6
Axes           | |  1.7
Shields        | |  2.6

Action                     |  1- 3 |  4- 6 |  7- 9 || total
---------------------------+-------+-------+-------++-------
  Melee: War axe           |   105 |   228 |    47 ||   380
         Whip              |       |       |   305 ||   305
         Unarmed           |       |       |    16 ||    16
    Use: Scroll            |     2 |     4 |     5 ||    11
         Potion            |       |     2 |     2 ||     4
   Stab: Paralysed         |       |       |     2 ||     2
 Armour: Chain mail        |    71 |   148 |   157 ||   376
         Scale mail        |     8 |       |       ||     8
  Dodge: Dodged            |    44 |   125 |   186 ||   355
  Block: Buckler           |    24 |    64 |    71 ||   159
